 Dungeon Crawl Stone Soup version 0.21-a0-506-ga0ee87aef2 (webtiles) character file.

16088 Kaname the Destroyer (level 12, 49/74 HPs)
             Began as a Demonspawn Wizard on Nov 27, 2017.
             Was an Elder of Vehumet.
             Quit the game on level 11 of the Dungeon.
             The game lasted 00:57:41 (12357 turns).

Kaname the Destroyer (Demonspawn Wizard)           Turns: 12357, Time: 00:57:41

Health: 49/74      AC: 15    Str:  7    XL:     12   Next: 7%
Magic:  20/26      EV: 11    Int: 32    God:    Vehumet [****..]
Gold:   196        SH:  5    Dex: 12    Spells: 17/31 levels left

rFire    + . .     SeeInvis .   j - +2 rapier (venom)
rCold    . . .     Gourm    .   s - +0 buckler
rNeg     . . .     Faith    .   r - +3 leather armour {rF+}
rPois    .         Spirit   .   a - +1 helmet {Int+3}
rElec    .         Reflect  .   (no cloak)
rCorr    .         Harm     .   (no gloves)
MR       .....                  k - +0 pair of boots
Stlth    ++++......             (no amulet)
HPRegen  0.22/turn              h - +4 ring of protection
MPRegen  0.20/turn              B - +4 ring of intelligence

@: no status effects
A: talons 1, iridescent scales 1, demonic guardian 1, nightstalker 2
a: Renounce Religion


You were on level 11 of the Dungeon.
You worshipped Vehumet.
Vehumet was greatly pleased with you.
You were not hungry.

You visited 2 branches of the dungeon, and saw 12 of its levels.

You collected 731 gold pieces.
You spent 535 gold pieces at shops.

Inventory:

Hand Weapons
 j - a +2 rapier of venom (weapon)
 N - a +1 morningstar of distortion
Armour
 a - a +1 helmet of intelligence (worn)
 k - a +0 pair of boots (worn)
 r - a +3 leather armour of fire resistance (worn)
 s - a +0 buckler (worn)
 I - a +2 shield
Jewellery
 h - a +4 ring of protection (left hand)
 B - a +4 ring of intelligence (right hand)
 D - an uncursed ring of flight
 M - an uncursed ring of wizardry
Wands
 i - a wand of random effects (39)
 A - a wand of disintegration (11)
 C - a wand of paralysis (15)
 E - a wand of enslavement (3)
 J - a wand of digging (12)
 K - a wand of iceblast (9)
Scrolls
 b - a scroll of amnesia
 f - 10 scrolls of enchant armour
 l - 6 scrolls of teleportation
 u - a scroll of identify
 x - a scroll of immolation
 y - 2 scrolls of fear
 G - a scroll of vulnerability {unknown}
Potions
 c - a potion of degeneration {unknown}
 e - a potion of invisibility {unknown}
 n - 3 potions of heal wounds
 p - 2 potions of cancellation
 q - 4 potions of curing
 t - 3 potions of haste
 v - 4 potions of mutation
 w - 2 potions of brilliance
 z - 2 potions of lignification
 F - a potion of berserk rage {unknown}
Books
 o - a book of Air

   Spells                             Type                      Level
   a - Shock                          Conjuration/Air              1
   b - Swiftness                      Charms/Air                   2
   c - Static Discharge               Conjuration/Air              3
   d - Airstrike                      Air                          4
   e - Lightning Bolt                 Conjuration/Air              5
Comestibles
 d - 9 bread rations
 g - 2 meat rations
 m - 17 royal jellies
 L - 16 chunks of flesh


   Skills:
 + Level 2.7 Short Blades
 - Level 1.7 Dodging
 + Level 3.7 Stealth
 - Level 4.0 Shields
 - Level 10.1 Spellcasting
 - Level 10.2 Conjurations
   Level 1.0 Summonings
 - Level 3.2 Translocations
 - Level 4.1 Fire Magic
 - Level 7.0 Air Magic
 - Level 4.1 Poison Magic


You had 17 spell levels left.
You knew the following spells:

 Your Spells              Type           Power        Failure   Level  Hunger
a - Magic Dart            Conj           ####         1%          1    None
b - Blink                 Tloc           N/A          1%          2    None
c - Mephitic Cloud        Conj/Pois/Air  ######..     1%          3    None
d - Conjure Flame         Conj/Fire      ######..     1%          3    None
e - Lightning Bolt        Conj/Air       ######....   1%          5    ###....


Dungeon Overview and Level Annotations

Branches:
Dungeon (11/15)            Temple (1/1) D:4            Lair (0/6) D:9
    Orc: D:9-12

Altars:
Ashenzari
Elyvilon
Gozag
Hepliaklqana
Kikubaaqudgha
Makhleb
Nemelex Xobeh
Qazlal
Ru
Uskayaw
Vehumet
Xom
Yredelemnul
Zin
The Shining One

Shops:
D:8 *   D:10 ?   D:11 *


Innate Abilities, Weirdness & Mutations

You have sharp toenails.
You are partially covered in iridescent scales. (AC +2)
A weak demonic guardian rushes to your aid.
You are significantly more attuned to the shadows.


Message History

This raw flesh tastes terrible.
You now have 601 gold pieces (gained 7).
There is an entrance to Nuleih's Assorted Antiques here.
Unknown command.
O - a book of Transfigurations Thank you for shopping at Nuleih's Assorted Antiques!
Unknown command.
Unknown command.
Okay, then.
Drop what? 41/52 slots (_ for help) (? for menu, Esc to quit)
You drop a book of Transfigurations.
You feel more experienced!
Your Spellcasting skill gained 4 levels and is now at level 10!
You have reached level 12!
Your experience leads to an increase in your attributes!
Your base attributes are Str 7, Int 23, Dex 12.
Increase (S)trength, (I)ntelligence, or (D)exterity?
You feel clever. x2; Your demonic ancestry asserts itself...
Iridescent scales grow over part of your body.
Are you sure you want to abandon this character and quit the game? (Confirm with "yes".)

.....# ....#
... ..#...8#
...###..#.#..#
#.. .....#..#
#..##..# #.∩#
.#...#..###.@##
......).##....#
....#.......8.#
......(.......#
........###...#
........# #...#
........# ####
........#
........#######


There were no monsters in sight!

Vanquished Creatures
  A death yak (D:9)
  An unseen horror (D:10)
  2 ugly things
  4 hippogriffs
  Prince Ribbit (D:5)
  Eustachio (D:7)
  4 porcupines (D:9)
  A black bear (D:7)
  3 ice beasts
  6 orc warriors
  3 sky beasts
  4 ogres
  A hornet zombie (D:8)
  A wolf (D:10)
  3 centaurs
  A crocodile (D:9)
  2 bullfrogs
  A big kobold (D:10)
  Blork the orc (D:7)
  A scorpion (D:8)
  15 wights
  2 centaur zombies (D:5)
  A crimson imp (D:5)
  2 bullfrog zombies
  7 jellies
  7 orc priests
  4 bullfrog skeletons
  5 hounds
  12 orc wizards
  Jessica (D:3)
  4 iguanas
  5 worker ants
  Ijyb (D:4)
  2 hound zombies
  A howler monkey zombie (D:5)
  7 gnolls
  4 adders
  A river rat (D:9)
  A shadow imp (D:7)
  2 adder zombies
  6 oozes
  An adder skeleton (D:5)
  3 worms
  2 dart slugs
  2 leopard geckos
  30 orcs
  A ball python (D:2)
  7 giant cockroaches
  4 goblins
  5 hobgoblins
  5 jackals
  10 quokkas
  12 bats
  9 frilled lizards
  11 kobolds
  6 rats
240 creatures vanquished.

Vanquished Creatures (collateral kills)
  A wyvern (D:9)
  Duvessa (D:6)
  2 ogres
  A phantom (D:6)
  A centaur (D:10)
  Dowan (D:6)
  A wight (D:7)
  A hound (D:7)
9 creatures vanquished.

Grand Total: 249 creatures vanquished

Notes
Turn   | Place    | Note
-------+----------+-------------------------------------------
     0 | D:1      | Kaname the Demonspawn Wizard began the quest for the Orb.
     0 | D:1      | Reached XP level 1. HP: 13/13 MP: 4/4
   389 | D:1      | Gained mutation: You are slightly more attuned to the shadows. [demonic ancestry]
   389 | D:1      | Reached XP level 2. HP: 16/19 MP: 0/6
   393 | D:1      | Learned a level 2 spell: Blink
   731 | D:2      | Found a sacrificial altar of Ru.
   778 | D:2      | Gained mutation: You have sharp toenails. [demonic ancestry]
   778 | D:2      | Reached XP level 3. HP: 18/24 MP: 0/7
   859 | D:2      | Reached XP level 4. HP: 30/30 MP: 0/8
   868 | D:2      | Learned a level 3 spell: Mephitic Cloud
   873 | D:2      | Learned a level 3 spell: Conjure Flame
   920 | D:2      | Reached skill level 1 in Translocations
  1126 | D:2      | Found a hide-covered altar of Uskayaw.
  1468 | D:2      | Found a white marble altar of Elyvilon.
  1703 | D:3      | Reached skill level 1 in Air Magic
  2048 | D:3      | Noticed Jessica
  2053 | D:3      | Killed Jessica
  2053 | D:3      | Reached skill level 1 in Poison Magic
  2053 | D:3      | Reached XP level 5. HP: 34/35 MP: 3/9
  2622 | D:4      | Noticed an ogre
  2738 | D:4      | Reached skill level 1 in Fire Magic
  2877 | D:4      | Found a staircase to the Ecumenical Temple.
  2888 | Temple   | Entered the Ecumenical Temple
  2904 | Temple   | Became a worshipper of Vehumet
  3419 | D:4      | Killed an ogre
  3419 | D:4      | Gained mutation: A weak demonic guardian rushes to your aid. [demonic ancestry]
  3419 | D:4      | Reached XP level 6. HP: 41/41 MP: 0/10
  3438 | D:4      | Found a shimmering altar of Xom.
  3560 | D:4      | Noticed Ijyb
  3838 | D:4      | Killed Ijyb
  3838 | D:4      | Reached skill level 5 in Conjurations
  4109 | D:5      | Entered Level 5 of the Dungeon
  4130 | D:5      | Noticed Prince Ribbit
  4148 | D:5      | Killed Prince Ribbit
  4148 | D:5      | Reached XP level 7. HP: 46/46 MP: 4/11
  5511 | D:6      | Reached XP level 8. HP: 52/52 MP: 6/14
  5729 | D:6      | Reached * piety under Vehumet
  5729 | D:6      | Offered knowledge of Freeze by Vehumet.
  6222 | D:6      | Noticed Duvessa
  6235 | D:6      | Noticed Dowan
  6236 | D:6      | Killed Duvessa
  6243 | D:6      | Killed Dowan
  6989 | D:6      | Found a stormy altar of Qazlal.
  6993 | D:6      | Found a sparkling altar of Nemelex Xobeh.
  6995 | D:6      | Found a faded altar of an unknown god.
  6996 | D:6      | Found a basalt altar of Yredelemnul.
  6999 | D:6      | Found an ancient bone altar of Kikubaaqudgha.
  7223 | D:7      | Noticed Blork the orc
  7258 | D:7      | Noticed Eustachio
  7267 | D:7      | Killed Eustachio
  7510 | D:7      | Gained mutation: You are significantly more attuned to the shadows. [demonic ancestry]
  7510 | D:7      | Reached XP level 9. HP: 48/57 MP: 12/15
  7687 | D:6      | Reached skill level 5 in Air Magic
  7864 | D:7      | Killed Blork the orc
  8112 | D:7      | Reached skill level 5 in Spellcasting
  8119 | D:7      | Noticed a troll
  8206 | D:7      | Learned a level 5 spell: Lightning Bolt
  8207 | D:7      | Noticed a green ugly thing
  8218 | D:7      | Killed a green ugly thing
  8305 | D:7      | Reached ** piety under Vehumet
  8305 | D:7      | Offered knowledge of Flame Tongue by Vehumet.
  8623 | D:8      | Found Ufoofamp's General Store.
  8626 | D:8      | Bought a scroll of teleportation for 33 gold pieces
  8626 | D:8      | Bought a potion of heal wounds for 55 gold pieces
  9012 | D:8      | Found a glowing silver altar of Zin.
  9344 | D:8      | Reached XP level 10. HP: 51/63 MP: 12/17
  9972 | D:9      | Reached skill level 1 in Shields
 10193 | D:9      | Offered knowledge of Ignite Poison by Vehumet.
 10202 | D:9      | Noticed a death yak
 10418 | D:9      | Found a staircase to the Lair.
 10705 | D:9      | Noticed a death yak
 10712 | D:9      | Noticed a death yak
 10720 | D:9      | Killed a death yak
 10990 | D:10     | Entered Level 10 of the Dungeon
 11115 | D:10     | Found Pyt Lixt's Magic Scroll Shoppe.
 11122 | D:10     | Bought a scroll of amnesia for 42 gold pieces
 11278 | D:10     | Reached *** piety under Vehumet
 11403 | D:10     | Noticed a cyan ugly thing
 11415 | D:10     | Killed a cyan ugly thing
 11415 | D:10     | Reached skill level 10 in Conjurations
 11602 | D:10     | Offered knowledge of Fulminant Prism by Vehumet.
 11706 | D:10     | Reached skill level 1 in Short Blades
 12033 | D:10     | Killed an unseen horror
 12033 | D:10     | Reached XP level 11. HP: 61/68 MP: 10/20
 12280 | D:11     | Found Nuleih's Assorted Antiques.
 12309 | D:10     | Reached **** piety under Vehumet
 12354 | D:11     | Bought a paperback book for 405 gold pieces
 12356 | D:11     | Reached skill level 10 in Spellcasting
 12356 | D:11     | Gained mutation: You are partially covered in iridescent scales. (AC +2) [demonic ancestry]
 12356 | D:11     | Reached XP level 12. HP: 49/74 MP: 20/26
 12357 | D:11     | Quit the game

Vault maps used:
D:1:      lightli_arrival_chessboard
D:2:      elyvilon_altar_1, nicolae_ru_great_annihilating_truth,
          nicolae_overflow_crystal_walls, st_stairs_3
D:3:      uniq_jessica
D:4:      minmay_temple_entry_statues_pillars, dk_xom_monty_hall, uniq_ijyb
D:5:      first_bread, uniq_prince_ribbit1
D:6:      chequers_temple_overflow_minitemple, uniq_duvessa
D:7:      cheibrodos_barr_body, sword_in_stone
D:8:      overflow_temple_1_default, serial_shops, shop,
          hangedman_little_slice_of_home
D:9:      dpeg_lair_monsters
D:10:     serial_shops, shop
D:11:     lemuel_upstairs_altar, serial_shops, shop_statue,
          nicolae_benzene_ring, uniq_grum
Temple:   eino_temple_water

Skill      XL: |  1  2  3  4  5  6  7  8  9 10 11 |
---------------+----------------------------------+-----
Conjurations   | 2 3 4 6 7 8 10 | 10.2
Translocations | 1 3 |  3.2
Air Magic      | 2 3 4 7 |  7.0
Poison Magic   | 1 2 3 4 |  4.1
Fire Magic     | 2 3 4 |  4.1
Spellcasting   | 4 5 6 10 | 10.1
Shields        | 4 |  4.0
Stealth        | 3 |  3.7
Short Blades   | 2 |  2.7
Dodging        | |  1.7
Summonings     | |  1.0

Action                   |  1- 3 |  4- 6 |  7- 9 | 10-12 || total
-------------------------+-------+-------+-------+-------++-------
Melee: Unarmed           |    14 |       |       |       ||    14
       Spear             |    28 |   145 |    42 |       ||   215
       War axe           |       |       |    56 |       ||    56
       Flail             |       |       |     4 |       ||     4
       Rapier            |       |       |    69 |   162 ||   231
 Cast: Magic Dart        |    47 |   133 |   258 |   201 ||   639
       Mephitic Cloud    |       |     6 |    12 |     3 ||    21
       Conjure Flame     |       |     2 |    10 |    15 ||    27
       Blink             |       |       |     2 |     6 ||     8
       Lightning Bolt    |       |       |     1 |    11 ||    12
Evoke: Wand              |       |       |    10 |     8 ||    18
  Use: Scroll            |       |     3 |     7 |     5 ||    15
       Potion            |       |     3 |       |     1 ||     4
 Stab: Sleeping          |     1 |     2 |     2 |       ||     5
       Confused          |       |     3 |     1 |     1 ||     5
       Distracted        |       |       |     2 |     1 ||     3
  Eat: Chunk             |       |    10 |    18 |    10 ||    38
       Fruit             |       |       |       |     4 ||     4
Armor: Robe              |    11 |    20 |    11 |       ||    42
       Leather armour    |       |       |    52 |    90 ||   142
       Skin              |       |       |     9 |       ||     9
Dodge: Dodged            |    34 |    71 |   120 |    83 ||   308
Block: Buckler           |       |     7 |    31 |    35 ||    73

Table legend:
 A = Spawn XP
 B = Non-spawn XP
 C = Spawn XP percentage of total XP
 D = Spawn monster count
 E = Non-spawn monster count
 F = Spawn count percentage of total count
 G = Total turns spent on level
                    A         B        C        D         E        F      G
               +---------+---------+-------+---------+---------+-------+---------
         Total |       0 |   11735 |   0.0 |       0 |     249 |   0.0 | 12357
               +---------+---------+-------+---------+---------+-------+---------
           D:1 |       0 |      35 |   0.0 |       0 |      18 |   0.0 |   727
           D:2 |       0 |      95 |   0.0 |       0 |      25 |   0.0 |   916
           D:3 |       0 |      95 |   0.0 |       0 |      13 |   0.0 |   978
           D:4 |       0 |     374 |   0.0 |       0 |      20 |   0.0 |  1455
           D:5 |       0 |     697 |   0.0 |       0 |      20 |   0.0 |  1270
           D:6 |       0 |    1251 |   0.0 |       0 |      26 |   0.0 |  2102
           D:7 |       0 |    2320 |   0.0 |       0 |      29 |   0.0 |  1142
           D:8 |       0 |     754 |   0.0 |       0 |      18 |   0.0 |   900
           D:9 |       0 |    2482 |   0.0 |       0 |      28 |   0.0 |  1467
          D:10 |       0 |    3422 |   0.0 |       0 |      44 |   0.0 |  1275
          D:11 |       0 |     210 |   0.0 |       0 |       8 |   0.0 |    92
               +---------+---------+-------+---------+---------+-------+---------
